 Dungeon Crawl Stone Soup version 0.20.1-1-g8b1a95d (webtiles) character file.

125 dohliylev the Sneak (level 4, -3/30 HPs)
             Began as a Vampire Enchanter on July 15, 2017.
             Hit by a tomahawk thrown by an orc (6 damage)
             ... on level 3 of the Dungeon.
             The game lasted 00:09:13 (3507 turns).

dohliylev the Sneak (Vampire Enchanter)             Turns: 3507, Time: 00:09:14

Health: -3/30      AC:  2    Str:  7    XL:     4   Next: 82%
Magic:  3/7        EV: 13    Int: 18    God:
Gold:   153        SH:  0    Dex: 14    Spells: 4/7 levels left

rFire    . . .     SeeInvis +   a - +0 dagger (venom)
rCold    . . .     Gourm    .   (no shield)
rNeg     + . .     Faith    .   b - +0 robe
rPois    .         Spirit   .   (no helmet)
rElec    .         Reflect  .   (no cloak)
rCorr    .         Harm     .   (no gloves)
MR       .....                  (no boots)
Stlth    ++++......             n - amulet of inaccuracy (curse)
Regen    0.1/turn               (no ring)
MPRegen  0.1/turn               (no ring)

@: very slightly contaminated
A: fangs 3, see invisible, unbreathing
a: Bat Form


You were on level 3 of the Dungeon.
You were not thirsty.

You visited 1 branch of the dungeon, and saw 3 of its levels.

You collected 153 gold pieces.

Inventory:

Hand Weapons
 a - a +0 dagger of venom (weapon)
Armour
 b - a +0 robe (worn)
Jewellery
 n - a cursed amulet of inaccuracy (around neck)
Wands
 k - a wand of iceblast (12/15)
Scrolls
 e - 2 scrolls of recharging {unknown}
 i - 4 scrolls of remove curse {unknown}
 j - 2 scrolls of teleportation {unknown}
 l - a scroll of fear {unknown}
 m - 4 scrolls of identify {unknown}
 r - a scroll of immolation {unknown}
Potions
 d - 25 potions of blood
 f - 3 potions of agility {unknown}
 g - a potion of curing {unknown}
 h - a potion of cancellation {unknown}
 o - a potion of resistance {unknown}
 p - 2 potions of magic {unknown}
 q - a potion of lignification {unknown}
 s - a potion of mutation {unknown}
 t - a potion of haste {unknown}
 u - a potion of heal wounds {unknown}
 v - a potion of brilliance {unknown}
Books
 c - a book of Maledictions

   Spells                             Type                      Level
   a - Corona                         Hexes                        1
   b - Ensorcelled Hibernation        Hexes/Ice                    2
   c - Confuse                        Hexes                        3
   d - Tukima's Dance                 Hexes                        3
   e - Dazzling Spray                 Conjuration/Hexes            3


   Skills:
 - Level 0.1 Fighting
 + Level 1.7 Short Blades
 + Level 2.4 Dodging
 * Level 7.4 Stealth
 + Level 2.4 Spellcasting
 + Level 4.7 Hexes
 + Level 0.4 Ice Magic


You had 4 spell levels left.
You knew the following spells:

 Your Spells              Type           Power        Failure   Level  Hunger
a - Corona                Hex            ###....      2%          1    #......
b - Ensorcelled Hibernat  Hex/Ice        ##....       9%          2    ##.....


Dungeon Overview and Level Annotations

Branches:
Dungeon (3/15)

Altars:
Hepliaklqana
The Shining One


Innate Abilities, Weirdness & Mutations

You have razor-sharp teeth.
You have supernaturally acute eyesight. (SInv)
You can survive without breathing.


Message History

Aim: a rat (hasn't noticed you, chance to defeat MR: 60%)
You miscast Ensorcelled Hibernation.
You are very lightly contaminated with residual magic.
Nothing appears to happen.
The orc shouts!
The orc throws a tomahawk.
The tomahawk barely misses you.
You see here a tomahawk.
The rat misses you.
You closely miss the rat. The rat bites you.
* * * LOW HITPOINT WARNING * * *
You barely miss the rat. The rat barely misses you.
You hit the rat but do no damage. The rat misses you.
You hit the rat.
You kill the rat!
The orc throws a tomahawk.
The tomahawk misses you. The orc hits you.
* * * LOW HITPOINT WARNING * * *
You see here a rat corpse.
The orc throws a tomahawk.
The tomahawk hits you.
You die...

### ### ##
#.##############.########### #.
...(............(..).......# #.
#.##############.#########.#####.
..# #.# #.##.... #.# ### #.#
#.##.##. #.# #.# #.# #.##.##.
#.####.### #@# ###.##)##.
.........# #†# #.#.##.##.
..###..#.#######o#######.#.##.##.
.................................
.................÷...............
...##..#............####.#.##.##.
..................(..............
...#...#.###.............#.......
...#.....................#.#....#


You could see an orc.

Vanquished Creatures
  3 gnolls (D:3)
  2 adders (D:3)
  A leopard gecko (D:3)
  4 orcs (D:3)
  6 bats
  2 giant cockroaches
  10 goblins
  5 hobgoblins (D:2)
  11 jackals
  3 kobolds (D:1)
  2 quokkas
  3 ball pythons
  7 frilled lizards
  11 rats
70 creatures vanquished.

Notes
Turn   | Place    | Note
-------+----------+-------------------------------------------
     0 | D:1      | dohliylev the Vampire Enchanter began the quest for the Orb.
     0 | D:1      | Reached XP level 1. HP: 13/13 MP: 3/3
   208 | D:1      | Reached XP level 2. HP: 3/19 MP: 5/5
   212 | D:1      | Learned a level 2 spell: Ensorcelled Hibernation
   671 | D:1      | Reached skill level 5 in Stealth
  1317 | D:2      | Reached XP level 3. HP: 23/24 MP: 6/6
  1607 | D:2      | Reached skill level 6 in Stealth
  1623 | D:2      | Found a hazy altar of Hepliaklqana.
  1822 | D:2      | Found a faded altar of an unknown god.
  2644 | D:3      | Reached XP level 4. HP: 27/30 MP: 0/7
  2725 | D:3      | Found a glowing golden altar of the Shining One.
  3331 | D:3      | Reached skill level 7 in Stealth
  3507 | D:3      | Hit by a tomahawk thrown by an orc

Skill      XL: |  1  2  3  4 |
---------------+-------------+-----
Stealth        | 5 6 7 |  7.4
Fighting       | |  0.1
Short Blades   | |  1.7
Dodging        | |  2.4
Spellcasting   | |  2.4
Hexes          | |  4.7
Ice Magic      | |  0.4

Action                   |  1- 3 |  4- 6 || total
-------------------------+-------+-------++-------
Melee: Dagger            |   113 |    24 ||   137
       Bite              |     7 |     1 ||     8
 Cast: Ensorcelled Hiber |    16 |     8 ||    24
       Corona            |       |     1 ||     1
  Use: Potion            |     3 |     3 ||     6
 Stab: Sleeping          |    35 |     9 ||    44
  Eat: Corpse            |       |     1 ||     1
Armor: Robe              |    18 |     3 ||    21
Dodge: Dodged            |    55 |    15 ||    70
